AoeStats
← farmer4510

Golden Pit

510021509Analyzed
1v1 RM · 3d ago on Sep 29, 2026· 30m 22s· 2 players
Game mode
Random Map
Map size
Tiny (2 player)
Population
200
Speed
Normal
Resources
Standard
Victory
Conquest
Starting age
Dark Age
Ending age
Imperial Age
RankedLock teamsTeams togetherTeam positionsShared explorationLock speedFull tech treeHidden civsTurbo modeCheats
Victory
Defeat
🇨🇷 Lithuanians · Costa Rica
1032
+16
🇺🇸 Maya · United States
1037
-16
Karenina2023356
1:01 Loom
12:06 Feudal Age
13:31 Stone Mining
16:28 Castle Age
15:27 Forging
18:04 Iron Casting
18:54 Fletching
21:53 Wheelbarrow
24:18 Fervor
26:22 Sanctity
farmer4510
0:28 Loom
10:54 Feudal Age
11:22 Double-Bit Axe
11:21 Horse Collar
19:30 Castle Age
19:33 Gold Mining
21:08 Bow Saw
22:05 Wheelbarrow
22:00 Stone Mining
24:17 Stone Shaft Mining
23:41 Crossbowman
25:03 Heavy Plow
25:07 Fletching
25:18 Padded Archer Armor
26:59 Crossbowman
28:36 Ballistics
29:15 Bodkin Arrow
29:35 Leather Archer Armor
Connection lost

Rejoining the realm…

Still unreachable

The connection could not be restored.

Session expired

The server has moved on; the page needs a fresh start.